← All builds
Suicide front / Armada / Factory first / OBSERVED BUILD

Standard suicide front

Armada Suicide front build order · Supreme Isthmus

The role's baseline: Bot Lab at 0:21 then straight into reclaim-fed T1 bot production to contest the middle and hold until T2 arrives, with an Advanced Metal Extractor around 9:45.

#rush · 2038 distinct matches · 233 players · 72% of Armada Suicide front games · team won 59% of 2418 · Recently observed

HOW TO PLAY IT

Key timing: Bot Lab by 0:20

  1. Open with mex and lab-first to get Bot Lab up by 0:20.
  2. Expand mex and wind while lab pumps units toward middle.
  3. Push Sentry and early Rocketeer, Centurion to contest middle.
  4. Get T2 constructor out once Pond's boost lets you spare metal.
  5. Upgrade mex to Advanced Metal Extractor as you transition off T1 spam.

Phase by phase

TYPICAL OF ITS 2038 GAMES
  1. 1
  2. 2
  3. 3
PLAY THE OPENING

Follow the example game's first 6:00 step by step: what to build now, what comes next, and where it goes. At 1× it keeps pace with your own game.

  1. 1

    Bot Lab first

    Order
    1. Bot LabBot Lab done ~0:24, middle half 0:20–0:33

    Some games also: mex (44%)

  2. 2

    Bot Lab to 5:00

    Economy
    • Metal Extractor5Mex
    • Wind Turbine4Wind
    Builders
    • Construction Bot3 Con bot
    • Lazarus2 Lazarus
    Army
    • Sentry4 Sentry
    • Rocketeer16 Rocketeer
    • Tick2 Tick
    • Centurion1 Centurion
    Other
    • Radar Tower1 Radar Tower

    Some games also: pawn (38%) · con turret (34%)

    By 5:00 in all: 5 mex · 4 wind

    The example game in this phase · 36 steps
    1. TickTick
    2. Mex
    3. TickTick
    4. Mex
    5. LazarusLazarus
    6. Wind ×3
    7. PawnPawn ×15
    8. Construction BotCon bot ×2
    9. Mex
    10. SentrySentry
    11. RocketeerRocketeer ×4
    12. Mex
    13. RocketeerRocketeer ×2
    14. SentrySentry
    15. RocketeerRocketeer ×2
    16. Con turret
    17. SentrySentry
    18. RocketeerRocketeer
    19. Mex
    20. SentrySentry ×2
    21. RocketeerRocketeer
    22. Mex
    23. RocketeerRocketeer
    24. Wind
    25. Dragon's TeethDragon's Teeth
    26. RocketeerRocketeer
    27. Dragon's TeethDragon's Teeth ×3
    28. Wind
    29. Dragon's TeethDragon's Teeth
    30. RocketeerRocketeer
    31. Dragon's TeethDragon's Teeth ×2
    32. Wind
    33. RocketeerRocketeer
    34. Con turret
    35. Wind
    36. Construction BotCon bot ×2
  3. 3

    5:00 to 10:00

    Economy
    • Metal Extractor1Mex
    • Wind Turbine15Wind
    Builders
    • Construction Turret2 Con turret
    • Lazarus2 Lazarus
    • Construction Bot1 Con bot
    Army
    • Sentry1 Sentry
    • Rocketeer8 Rocketeer

    Some games also: pawn (49%) · Radar Tower (46%) · tick (45%) · centurion (44%) · energy storage (43%) · eat Bot Lab (31%)

    By 10:00 in all: 6 mex · 21 wind · 1 energy storage · 2 con turret

    The example game in this phase · 42 steps
    1. Wind
    2. GauntletGauntletdone 6:03
    3. Wind ×2
    4. Bot LabEat Bot Labreclaimed for its metal
    5. Wind ×2
    6. BeamerBeamer
    7. Bot LabBot Labdone 7:17
    8. Energy storage
    9. Sneaky PeteSneaky Pete
    10. AnemoneAnemone
    11. Advanced Metal ExtractorT2 mexdone 8:08 · typical 9:46
    12. Mex
    13. AnemoneAnemone
    14. PawnPawn ×2
    15. Advanced Metal ExtractorT2 mex
    16. PawnPawn ×2
    17. AnemoneAnemone
    18. PawnPawn ×2
    19. Wind
    20. Energy storage
    21. Wind ×4
    22. BeamerBeamer ×2
    23. Wind ×3
    24. Converter
    25. BeamerBeamer
    26. Converter
    27. BeamerBeamer
    28. Converter
    29. Wind
    30. Converter
    31. Wind
    32. BeamerBeamer
    33. Wind ×4
    34. BeamerBeamer
    35. Wind ×3
    36. Converter
    37. Wind ×7
    38. Converter
    39. Wind
    40. Converter
    41. Wind
    42. Converter

Counts are medians over the build's games: half of them build more, half fewer. The example game is [MADO]MyDude's (32 OS, 04/10/2026); pick another.

Team trades

IN AT LEAST 30% OF ITS GAMES

You hand over

Nothing regular.

You get

  • Tidal Generator4 Tidal from Pondfirst at 0:11 · in 68% of games
  • Advanced Construction Bot1 T2 con bot from Geo or Techfirst at 7:41 · in 57% of games

How it plays out

Typical game of this build, running totals by minute

Metal produced

010k20k
0:005:0010:0015:00

metal

Enemy metal destroyed

05k10k
0:005:0010:0015:00

metal

Own metal lost

05k10k
0:005:0010:0015:00

metal

2418 games.

Show as table
ByMetal produced: This buildEnemy metal destroyed: This buildOwn metal lost: This build
1:0023000
2:0088700
3:002009184130
4:003109644501
5:0041821350999
6:00534721831707
7:00653930542589
8:00775539383499
9:00904046924371
10:001041053125156
11:001188858565965
12:001357864016685
13:001539668707455
14:001730275038213
15:001925781138994
WHAT THE NUMBERS SAY

Standard Suicide front play wins a bit over half its games while taking the heaviest own losses of any role by 15:00.

  • + Produces 20142 metal by 15:00, highest of the front roles.
  • + First kill by 2:01 in all games, fastest contest of middle.
  • − Own metal lost hits 9178 by 15:00, more than enemy metal destroyed.
  • − Only 34% Rocketeer share shows army spread thin across many bot types.
THE EXAMPLE YOU ARE READING

[MADO]MyDude

32.2 OS · 04/10/2026

Open source match ↗

5 received units · includes a constructor
494 metal received · 9182 energy received

Allied construction assistance is unknown. Timings are observations, not a promise of solo reproducibility.

Typical milestones

Bot Lab0:24Middle 50%: 0:20–0:33 · n=2410
Advanced Metal Extractor9:46Middle 50%: 8:50–10:58 · n=1749

Played most by

_X_264games of this buildPlatinumBlonde188games of this buildXad166games of this buildTrapCaT109games of this buildSoliloqueur81games of this build